General information
			
			
        
        - name: BNet
 
        - type: Ladder 1vs1/FFA
 
        - host: Battle.net
 
        - saver: GOKUMaN69
 
        
map: MeltingValley 
        - players: 2
 
        - length: 120:21
 
        - speed: Fast
 - version: 1.22 W3XP
 - replay type:  Public
 
» download(293 KB)
Players
        team 1 (loser) 
              
              
RoMarX (
red | 43 APM | 5116 actions | 120:21)
              
 4 Demon Hunter 
 2 Mana Burn
 2 Evasion
 4 Beastmaster 
 2 Summon Quilbeast
 2 Summon Hawk
 
                » actions 
                
                | Assign group hotkey | 139 |  | 
| Basic commands | 2 |  | 
| Build / train | 177 |  | 
| ESC pressed | 7 |  | 
| Enter build submenu | 41 |  | 
| Enter hero's abilities submenu | 9 |  | 
| Give item / drop item | 2 |  | 
| Right click | 2186 |  | 
| Select / deselect | 1120 |  | 
| Select group hotkey | 1166 |  | 
| Use ability | 253 |  | 
                5116 total
 » units 
                
                | Wisp | 38 |  | 
| Archer | 3 |  | 
| Dryad | 18 |  | 
| Hippogryph | 36 |  | 
| Druid of the Talon | 1 |  | 
| Chimaera | 17 |  | 
                113 total
 » upgrades
                
                | Reinforced Hides | 3 |  | 
| Nature's Blessing | 1 |  | 
| Corrosive Breath | 1 |  | 
| Strength of the Wild | 1 |  | 
| Ultravision | 1 |  | 
| Abolish Magic | 1 |  | 
                8 total
 » buildings
                
                | Altar of Elders | 1 |  | 
| Moon Well | 8 |  | 
| Ancient of War | 1 |  | 
| Tree of Ages | 3 |  | 
| Hunter's Hall | 1 |  | 
| Ancient Protector | 18 |  | 
| Ancient of Lore | 1 |  | 
| Ancient of Wind | 3 |  | 
| Tree of Life | 2 |  | 
| Ancient of Wonders | 1 |  | 
| Tree of Eternity | 2 |  | 
| Chimaera Roost | 2 |  | 
                43 total
 » build order
                00:06 Altar of Elders
00:20 Moon Well
00:33 Ancient of War
01:37 Moon Well
02:52 Tree of Ages
02:52 Tree of Ages
03:42 Hunter's Hall
03:47 Moon Well
04:05 Moon Well
04:49 Ancient Protector
05:29 Ancient Protector
07:03 Ancient of Lore
07:08 Ancient Protector
07:29 Ancient Protector
07:30 Ancient Protector
07:41 Ancient of Wind
07:53 Tree of Life
11:13 Ancient Protector
11:13 Ancient Protector
11:53 Ancient of Wonders
12:21 Tree of Eternity
12:21 Tree of Eternity
12:51 Ancient of Wind
13:32 Ancient Protector
13:32 Ancient Protector
13:38 Ancient of Wind
13:47 Ancient Protector
14:05 Ancient Protector
15:19 Chimaera Roost
15:44 Moon Well
15:44 Moon Well
15:48 Moon Well
16:04 Chimaera Roost
17:10 Moon Well
22:46 Tree of Life
23:07 Ancient Protector
23:07 Ancient Protector
23:08 Ancient Protector
23:54 Ancient Protector
23:54 Ancient Protector
23:55 Ancient Protector
24:30 Ancient Protector
» items
                
                | Staff of Teleportation | 2 |  | 
| Boots of Speed | 1 |  | 
| Potion of Healing | 1 |  | 
| Orb of Venom | 1 |  | 
| Staff of Preservation | 1 |  | 
| Potion of Lesser Invulnerability | 2 |  | 
| Scroll of Town Portal | 2 |  | 
| Scroll of Protection | 2 |  | 
| Scroll of Healing | 1 |  | 
                13 total
  
               team 2 (winner) 
              
              
GOKUMaN69 (
purple | 42 APM | 5026 actions | 120:21)
              
 9 Blademaster 
 3 Wind Walk
 3 Critical Strike
 1 Bladestorm
 2 Mirror Image
 1 Goblin Alchemist 
 1 Healing Spray
 1 Goblin Tinker 
 1 Engineering Upgrade
 
                » actions 
                
                | Assign group hotkey | 23 |  | 
| Basic commands | 10 |  | 
| Build / train | 175 |  | 
| Enter build submenu | 82 |  | 
| Enter hero's abilities submenu | 11 |  | 
| Give item / drop item | 60 |  | 
| Remove unit from queue | 5 |  | 
| Right click | 2648 |  | 
| Select / deselect | 1514 |  | 
| Select group hotkey | 5 |  | 
| Use ability | 487 |  | 
                5026 total
 » units 
                
                | Peon | 13 |  | 
| Troll Batrider | 55 |  | 
| Wind Rider | 8 |  | 
| Goblin Shredder | 11 |  | 
| Kodo Beast | -1 |  | 
                86 total
 » upgrades
                
                | Ranged Weapons | 3 |  | 
| Liquid Fire | 1 |  | 
| Reinforced Defenses | 1 |  | 
| Envenomed Spears | 1 |  | 
| Armor | 3 |  | 
| Troll Regeneration | 1 |  | 
| Melee Weapons | 3 |  | 
| Spiked Barricades | 3 |  | 
| Ensnare | 1 |  | 
| War Drums Damage Increase | 1 |  | 
| Berserker Strength | 1 |  | 
| Berserker Upgrade | 1 |  | 
| Burning Oil | 1 |  | 
| Pillage | 1 |  | 
| Backpack | 1 |  | 
| Pulverize | 1 |  | 
| Shaman Training | 2 |  | 
| Witch Doctor Training | 2 |  | 
| Spirit Walker Training | 2 |  | 
                30 total
 » buildings
                
                | Altar of Storms | 1 |  | 
| Orc Burrow | 5 |  | 
| War Mill | 9 |  | 
| Watch Tower | 48 |  | 
| Voodoo Lounge | 1 |  | 
| Stronghold | 2 |  | 
| Fortress | 1 |  | 
| Beastiary | 2 |  | 
| Great Hall | 4 |  | 
| Barracks | 1 |  | 
| Spirit Lodge | 1 |  | 
| Tauren Totem | 1 |  | 
                76 total
 » build order
                00:05 Altar of Storms
00:22 Orc Burrow
00:37 War Mill
01:52 Watch Tower
01:57 Watch Tower
02:19 Voodoo Lounge
02:33 Watch Tower
03:19 Stronghold
03:20 Stronghold
03:37 Watch Tower
04:24 Orc Burrow
05:13 Watch Tower
05:16 Watch Tower
05:56 Fortress
05:57 Beastiary
05:59 Beastiary
06:35 Watch Tower
06:41 Orc Burrow
07:55 Orc Burrow
11:37 Watch Tower
11:40 Watch Tower
13:26 War Mill
13:28 Watch Tower
13:28 Watch Tower
14:21 Watch Tower
14:21 Watch Tower
15:20 Watch Tower
15:24 Great Hall
15:25 Watch Tower
15:27 Watch Tower
15:50 Watch Tower
16:39 Watch Tower
16:39 Watch Tower
16:40 Watch Tower
17:16 Watch Tower
17:17 Watch Tower
20:06 Watch Tower
20:07 Watch Tower
21:15 Watch Tower
21:48 Watch Tower
21:58 Watch Tower
23:59 Watch Tower
24:00 Watch Tower
24:23 Watch Tower
24:55 Watch Tower
26:37 Great Hall
26:39 Watch Tower
26:40 Watch Tower
27:05 Watch Tower
27:43 Watch Tower
28:26 Watch Tower
29:24 Watch Tower
29:40 Watch Tower
30:06 Watch Tower
31:18 Watch Tower
31:20 Watch Tower
35:41 Watch Tower
43:14 Barracks
47:04 Watch Tower
50:55 Watch Tower
54:03 Watch Tower
56:33 Watch Tower
63:53 Great Hall
63:57 Great Hall
66:39 Watch Tower
66:40 War Mill
66:47 War Mill
66:49 War Mill
66:52 War Mill
66:57 War Mill
67:33 War Mill
68:28 Spirit Lodge
68:34 Tauren Totem
72:27 Watch Tower
72:51 Orc Burrow
87:03 War Mill
» items
                
                | Circlet of Nobility | 2 |  | 
| Boots of Speed | 1 |  | 
| Staff of Teleportation | 1 |  | 
| Lesser Clarity Potion | 10 |  | 
| Healing Salve | 10 |  | 
| Orb of Lightning | 1 |  | 
| Potion of Mana | 1 |  | 
| Tiny Great Hall | 2 |  | 
                28 total
  
                Chat log
          (00:12 / All) GOKUMaN69: u a hacker?
(00:18 / All) RoMarX: why?
(00:27 / All) GOKUMaN69: everyone is now 
(00:28 / All) GOKUMaN69: so gay
(00:30 / All) RoMarX: : S
(00:55 / All) GOKUMaN69: ur prob clickin my buildings rite now
(01:04 / All) RoMarX: haha
(01:14 / All) RoMarX: yes the burrow
(01:16 / All) RoMarX: (8?)
(01:34 / All) GOKUMaN69: u like that burrow
(01:45 / All) RoMarX: its cute  :$
(10:00 / All) GOKUMaN69: i have creep hack
(10:04 / All) GOKUMaN69: I can use the creeps
(21:59 / All) RoMarX: fucking coward
(22:01 / All) GOKUMaN69: what
(22:59 / All) GOKUMaN69: whAt did I do?
(25:23 / All) GOKUMaN69: can you manner up please?
(25:26 / All) GOKUMaN69: gl hf
(26:40 / All) RoMarX: OH MI GOD FUCKING LUCKY NOOB
(26:47 / All) GOKUMaN69: tee he
(26:50 / All) RoMarX: YOU LAMM BECAUSE YOU DONT KNOW THE MICRO
(26:55 / All) RoMarX: NOOB ASSHOLE
(27:16 / All) GOKUMaN69: u mad?
(27:22 / All) RoMarX: ARE U NOOB?
(27:23 / All) RoMarX: YES
(27:25 / All) RoMarX: I KNOW
(27:27 / All) GOKUMaN69: manner up
(27:41 / All) GOKUMaN69: level 28 and this bad manner wow
(27:52 / All) RoMarX: LEV2EL I DONT KNOW AND FUCKING NOOB
(28:00 / All) GOKUMaN69: manner up man
(28:04 / All) GOKUMaN69: why so mad?
(28:08 / All) RoMarX: sharap fucking lammer
(28:13 / All) RoMarX: you waste mi time
(28:24 / All) GOKUMaN69: so you yell at all humans lol
(28:28 / All) RoMarX: fucking noob all towers
(28:43 / All) GOKUMaN69: why dont you make some towers?
(28:48 / All) GOKUMaN69: oh wait you did
(28:53 / All) RoMarX: BECAUSE I WANT TO PLAY NORMAAL IDIOT
(28:59 / All) RoMarX: I DID BECAUS EU DID
(29:01 / All) RoMarX: FUCKIGN NOOB
(29:10 / All) GOKUMaN69: shh
(29:17 / All) GOKUMaN69: I'll make it better
(29:57 / All) GOKUMaN69: just a game
(30:23 / All) GOKUMaN69: im microing man
(30:29 / All) RoMarX: AAHHAHAHAHAHAHAHAHAHAHA
(34:35 / All) RoMarX: good mh
(34:40 / All) GOKUMaN69: why
(34:47 / All) RoMarX: haha why you say
(34:58 / All) RoMarX: haaha sure 
(35:18 / All) GOKUMaN69: just blame this loss on mh noob shit
(35:28 / All) RoMarX: hahaha you are the noob
(35:32 / All) GOKUMaN69: im better then you
(35:34 / All) RoMarX: you just lamm because you are noob
(35:36 / All) RoMarX: HAHAHA SURE
(35:43 / All) RoMarX: FIGHT WITH NORMA UNITS IN A MICRO WAR
(35:50 / All) RoMarX: YOU CANT KILL ME A ONLY UNIT
(38:12 / All) GOKUMaN69: i am microin boss
(38:17 / All) RoMarX: HHAHAA GO DOTA
(38:20 / All) RoMarX: MICRO 1 HEROE
(38:42 / All) GOKUMaN69: from?
(38:57 / All) GOKUMaN69: mh rolf
(38:59 / All) GOKUMaN69: u jacked me
(39:02 / All) RoMarX: HAHAHA SUUUUUUURE
(40:32 / All) RoMarX: HAAHHA NICE MH
(41:08 / All) GOKUMaN69: looks like im level 10 lol
(41:18 / All) RoMarX: so?
(41:22 / All) GOKUMaN69: i won
(41:32 / All) RoMarX: when you have 1 hero you gain more ex1p
(41:35 / All) RoMarX: fucking noob
(41:50 / All) GOKUMaN69: my hero owns yours
(41:59 / All) RoMarX: mi units owns yours
(43:25 / All) GOKUMaN69: i have more gold then you lol
(43:29 / All) RoMarX: no
(43:36 / All) RoMarX: 2 expas each
(43:46 / All) GOKUMaN69: I'm not mining in upkeep
(43:55 / All) RoMarX: so?
(44:01 / All) GOKUMaN69: i have way more gold
(44:39 / All) RoMarX: you dont hav2e any more gold for bats  :O
(48:48 / All) GOKUMaN69: you're so mad 
(48:52 / All) GOKUMaN69: kinda cute
(48:58 / All) RoMarX: ??
(49:14 / All) GOKUMaN69: lil cutie
(51:19 / All) GOKUMaN69: you are out of gold
(51:25 / All) RoMarX: you too ^^
(51:33 / All) GOKUMaN69: nope
(51:39 / All) RoMarX: yes :D
(51:41 / All) GOKUMaN69: 10 k in 1
(51:45 / All) RoMarX: NOT
(51:52 / All) GOKUMaN69: scan ir
(53:29 / All) RoMarX: So much gold hum?
(53:30 / All) GOKUMaN69: one less chim lol
(53:58 / All) GOKUMaN69: yup
(54:02 / All) RoMarX: watev2er
(54:03 / All) RoMarX: afk
(54:08 / All) GOKUMaN69: so noob
(54:26 / All) GOKUMaN69: remember the name bitch
(54:32 / All) GOKUMaN69: and how I owned you today
(54:32 / All) RoMarX: so
(54:36 / All) RoMarX: hahaha
(55:12 / All) GOKUMaN69: your not afk
(55:14 / All) GOKUMaN69: noob
(55:17 / All) RoMarX: not yet
(55:19 / All) RoMarX: idiot
(55:26 / All) GOKUMaN69: lie much?
(55:28 / All) RoMarX: when you learn to play
(55:33 / All) RoMarX: call me for a match
(55:58 / All) GOKUMaN69: i know how to own noob nightelfs
(56:03 / All) RoMarX: yeah
(56:09 / All) RoMarX: i see
(56:13 / All) RoMarX: you like to play 1 hour games
(56:16 / All) RoMarX: me too
(56:26 / All) GOKUMaN69: way to manage your upkeeep mon
(56:36 / All) RoMarX: its funny to see nobs
(56:36 / All) GOKUMaN69: very pro
(56:39 / All) RoMarX: lamming
(56:46 / All) RoMarX: because the dont know to play normal
(57:53 / All) RoMarX: maybe one day you can think on learn to play
(58:05 / All) GOKUMaN69: i do play the normal way
(58:14 / All) GOKUMaN69: then some faggets noobs like you mass dotts
(58:17 / All) RoMarX: no one play with 10000 towers
(58:21 / All) RoMarX: hhaha
(58:31 / All) RoMarX: riders walkers > dotts
(58:32 / All) RoMarX: noob
(58:38 / All) GOKUMaN69: haha your so bad
(58:43 / All) RoMarX: you cant micro
(58:46 / All) RoMarX: 2 heroes
(58:49 / All) RoMarX: and you do this shit
(58:57 / All) RoMarX: go dota
(59:01 / All) RoMarX: is bette r for noob like you
(59:13 / All) GOKUMaN69: i won
(59:16 / All) GOKUMaN69: b0itch
(59:20 / All) GOKUMaN69: I own you
(59:30 / All) GOKUMaN69: QQ moar
(59:31 / All) RoMarX: you dont own me
(59:40 / All) RoMarX: own is a 10 mins game
(59:45 / All) RoMarX: no a 1 hour time
(59:48 / All) RoMarX: noob
(60:05 / All) GOKUMaN69: grubby says laming is just playing well
(60:32 / All) RoMarX: lamming is do 100 towers for no micro
(60:40 / All) GOKUMaN69: I still won
(60:45 / All) GOKUMaN69: I outplayed you lol
(60:49 / All) RoMarX: yes because im sleeping
(60:52 / All) RoMarX: outplayed?
(60:55 / All) RoMarX: sharapn no
(60:57 / All) RoMarX: ob
(61:41 / All) GOKUMaN69: play a normal race
(61:46 / All) GOKUMaN69: then maybe I wont lame lol
(62:05 / All) RoMarX: HAAHHA NORmMAL?
(62:10 / All) RoMarX: elf is the worst race by far
(62:14 / All) RoMarX: fucking noob
(62:19 / All) RoMarX: you dont know nothin
(62:28 / All) RoMarX: ask a pro
(62:31 / All) RoMarX: the best race is orc
(62:32 / All) GOKUMaN69: more like best
(62:48 / All) GOKUMaN69: ask mym moon nigger
(63:06 / All) GOKUMaN69: hes the top plyer right now
(63:11 / All) GOKUMaN69: fyi
(63:27 / All) RoMarX: because he hav2e hands
(63:34 / All) RoMarX: no like you you play like a dotter
(63:47 / All) RoMarX: and maphack like a dotter
(64:01 / All) GOKUMaN69: im 2 noob 
(64:09 / All) GOKUMaN69: I dont know how computers work
(64:14 / All) GOKUMaN69: so I have no maphack
(65:41 / All) GOKUMaN69: i gave you some items
(92:56 / All) GOKUMaN69: you here
(93:03 / All) GOKUMaN69: the maps almost out of wood